 Dungeon Crawl Stone Soup version 0.19.1 (webtiles) character file.

5868 glosham the Grappler (level 10, -6/150 HPs)
             Began as a Troll Berserker on Nov 30, 2016.
             Was an Elder of Trog.
             Mangled by an eight-headed hydra (15 damage)
             ... on level 11 of the Dungeon on Dec 1, 2016.
             The game lasted 00:37:24 (2021 turns).

glosham the Grappler (Troll Berserker)              Turns: 2021, Time: 00:37:25

Health: -6/150     AC:  6    Str: 34    XL:     10   Next: 52%
Magic:  9/9        EV: 10    Int:  3    God:    Trog [****..]
Gold:   147        SH:  0    Dex: 12    Spells: 0 memorised, 9 levels left

rFire  . . .     SeeInvis .       - Unarmed
rCold  + . .     Gourm    +     a - +1 animal skin
rNeg   . . .     Faith    .     (no shield)
rPois  .         Spirit   .     (helmet restricted)
rElec  +         Reflect  .     (no cloak)
rCorr  .         Harm     .     (gloves unavailable)
MR     +....                    (boots unavailable)
Stlth  ..........               z - amulet of rage
                                B - ring of protection from cold
                                A - ring of protection from magic

@: berserking, very quick
A: unfitting armour, claws 3, fast metabolism 3, gourmand, regeneration 1,
shaggy fur 1, electricity resistance, strong 1, tough skin 2, evolution 1,
subdued magic 1
a: Berserk, Trog's Hand, Brothers in Arms, Burn Spellbooks, Renounce Religion,
Evoke Berserk Rage


You were on level 11 of the Dungeon.
You worshipped Trog.
Trog was greatly pleased with you.
You were very full.

You visited 1 branch of the dungeon, and saw 12 of its levels.

You collected 147 gold pieces.

Inventory:

Missiles
 l - 3 javelins (quivered)
 m - 7 curare-tipped needles
 n - 8 tomahawks
 o - 16 poisoned needles
Armour
 a - a +1 animal skin (worn)
Jewellery
 z - an amulet of rage (around neck)
 A - a ring of protection from magic (left claw)
 B - a ring of protection from cold (right claw)
Wands
 e - a wand of enslavement (14/24)
 g - a wand of disintegration (6/24)
 p - a wand of confusion (7/48)
 s - a wand of slowing (23/48)
Scrolls
 i - a scroll of enchant armour
Potions
 c - a potion of ambrosia
 d - a potion of heal wounds
 h - 2 potions of lignification
 k - a potion of cancellation
 r - a potion of magic
Books
 j - a book of Misfortune

   Spells                             Type                      Level
   a - Confusing Touch                Hexes                        1
   b - Confuse                        Hexes                        3
   c - Gell's Gravitas                Hexes/Translocation          3
   d - Petrify                        Transmutation/Earth          4
   e - Metabolic Englaciation         Hexes/Ice                    5
   f - Yara's Violent Unravelling     Hexes/Transmutation          5
   Trog disapproves of the use of such an item.
Comestibles
 b - 5 bread rations
 f - a meat ration
 q - 10 royal jellies


   Skills:
 + Level 6.6 Fighting
 - Level 2.4 Dodging
 * Level 13.8 Unarmed Combat


You had 9 spell levels left.
You didn't know any spells.

Dungeon Overview and Level Annotations

Branches:
Dungeon (12/15)            Temple (0/1) D:4
   Lair: D:8-11         Orc: D:9-12

Altars:

Shops:
D:6 ?


Innate Abilities, Weirdness & Mutations

You are too large for most types of armour.
You have claws for hands.
Your metabolism is lightning-fast.
You like to eat raw meat.
Your natural rate of healing is unusually fast.
You are covered in fur. (AC +1)
You have very tough skin. (AC +2)
You are resistant to electric shocks. (rElec)
Your muscles are strong. (Str +2)
You evolve.
Your spells are a little easier to cast, but a little less powerful.


Message History

The five-headed hydra closely misses you.
The five-headed hydra bites you. The big kobold closely misses you.
Unknown command.
You claw one of the five-headed hydra's heads off!
The four-headed hydra grows two more!
You claw the six-headed hydra!
The six-headed hydra is severely wounded.
You barely miss the six-headed hydra.
The six-headed hydra is severely wounded.
The six-headed hydra bites you but does no damage.
The six-headed hydra closely misses you.
The six-headed hydra bites you. x3; The six-headed hydra barely misses you.
The big kobold hits you but does no damage.
You completely miss the six-headed hydra.
The six-headed hydra is severely wounded.
The six-headed hydra bites you! The six-headed hydra bites you.
The six-headed hydra bites you!
The six-headed hydra bites you but does no damage.
The six-headed hydra bites you. x2
You claw one of the six-headed hydra's heads off!
The five-headed hydra grows two more!
You scratch the seven-headed hydra. You claw the seven-headed hydra!
The seven-headed hydra is severely wounded.
The big kobold hits you with a short sword.
* * * LOW HITPOINT WARNING * * *
You rip one of the seven-headed hydra's heads off!
The six-headed hydra grows two more!
You mangle the eight-headed hydra!!
The eight-headed hydra is almost dead.
The eight-headed hydra bites you.
* * * LOW HITPOINT WARNING * * *
The eight-headed hydra bites you.
* * * LOW HITPOINT WARNING * * *
The eight-headed hydra bites you but does no damage.
The eight-headed hydra bites you.
* * * LOW HITPOINT WARNING * * *
The eight-headed hydra bites you.
* * * LOW HITPOINT WARNING * * *
The eight-headed hydra bites you!
* * * LOW HITPOINT WARNING * * *
The eight-headed hydra bites you!
You die...

#. #. ##
############
#.)+.P≈PP#.#
#DK#≈≈≈≈P#.#
#@##P≈P.≈#†##
#..#.....#).#
#..'....†)..##
#..'.%P..##..#
#%.'...%≈###.#
#%.#.%...# #.#
########## #.#
#.# #.#


You could see an eight-headed hydra and a big kobold.

Vanquished Creatures
  An ugly thing (D:11)
  A komodo dragon (D:11)
  A queen bee (D:11)
  A two-headed ogre (D:11)
  A hippogriff (D:11)
  A meliai zombie (D:11)
  2 dream sheep (D:11)
  7 yaks (D:11)
  A steam dragon (D:10)
  An eye of draining (D:9)
  A necrophage (D:9)
  2 orc warriors
  11 killer bees (D:11)
  3 ogres
  2 centaurs
  2 big kobolds (D:11)
  5 bullfrogs
  5 wights (D:11)
  2 crimson imps
  2 bullfrog skeletons
  3 centaur skeletons
  An orc priest (D:11)
  A bullfrog zombie (D:11)
  3 hounds
  An orc wizard (D:11)
  An iguana (D:11)
  3 worker ants
  A worker ant zombie (D:8)
  4 gnolls (D:6)
  A howler monkey skeleton (D:6)
  5 adders
  A shadow imp (D:6)
  An ooze (D:6)
  An adder zombie (D:9)
  A dart slug (D:1)
  11 orcs
  A giant cockroach (D:4)
  2 goblins (D:3)
  2 hobgoblins
  2 jackals (D:2)
  A kobold (D:2)
  A quokka (D:11)
  A frilled lizard (D:2)
  A leopard gecko skeleton (D:4)
  A quokka skeleton (D:6)
  A rat (D:2)
104 creatures vanquished.

Vanquished Creatures (collateral kills)
  5 killer bees (D:11)
5 creatures vanquished.

Vanquished Creatures (others)
  2 killer bees (D:11)
2 creatures vanquished.

Grand Total: 111 creatures vanquished

Notes
Turn   | Place    | Note
-------+----------+-------------------------------------------
     0 | D:1      | glosham the Troll Berserker began the quest for the Orb.
     0 | D:1      | Reached XP level 1. HP: 22/22 MP: 0/0
    20 | D:1      | Gained mutation: You are resistant to electric shocks. (rElec) [potion of mutation]
    20 | D:1      | Gained mutation: Your spells are a little easier to cast, but a little less powerful. [potion of mutation]
    20 | D:1      | Gained mutation: Your muscles are strong. (Str +2) [potion of mutation]
   142 | D:2      | Reached XP level 2. HP: 26/29 MP: 1/1
   289 | D:2      | Reached skill level 4 in Unarmed Combat
   453 | D:4      | Reached XP level 3. HP: 36/36 MP: 2/2
   560 | D:4      | Found a staircase to the Ecumenical Temple.
   607 | D:4      | Reached skill level 5 in Unarmed Combat
   607 | D:4      | Reached XP level 4. HP: 38/44 MP: 3/3
   634 | D:5      | Entered Level 5 of the Dungeon
   656 | D:5      | Noticed a centaur
   671 | D:5      | Killed a centaur
   671 | D:5      | Reached skill level 6 in Unarmed Combat
   671 | D:5      | Reached XP level 5. HP: 31/50 MP: 4/4
   736 | D:6      | Reached XP level 6. HP: 51/59 MP: 5/5
   739 | D:6      | Reached ** piety under Trog
   739 | D:6      | Reached skill level 7 in Unarmed Combat
   742 | D:6      | Found Xusapi's Magic Scroll Shoppe.
   867 | D:7      | Reached skill level 8 in Unarmed Combat
   867 | D:7      | Reached XP level 7. HP: 38/66 MP: 6/6
   983 | D:9      | Reached skill level 9 in Unarmed Combat
  1016 | D:9      | Reached XP level 8. HP: 68/74 MP: 3/7
  1037 | D:10     | Entered Level 10 of the Dungeon
  1217 | D:11     | Reached skill level 3 in Fighting
  1217 | D:11     | Reached skill level 10 in Unarmed Combat
  1235 | D:11     | Noticed a hippogriff
  1242 | D:11     | Killed a hippogriff
  1267 | D:11     | Reached skill level 11 in Unarmed Combat
  1270 | D:11     | Reached skill level 4 in Fighting
  1271 | D:11     | Noticed a two-headed ogre
  1272 | D:11     | Reached *** piety under Trog
  1272 | D:11     | Reached XP level 9. HP: 75/84 MP: 8/8
  1322 | D:11     | Reached skill level 5 in Fighting
  1322 | D:11     | Reached skill level 12 in Unarmed Combat
  1378 | D:11     | Noticed a komodo dragon
  1392 | D:11     | Killed a komodo dragon
  1444 | D:11     | Noticed a queen bee
  1453 | D:11     | Killed a queen bee
  1459 | D:11     | Reached XP level 10. HP: 34/98 MP: 9/9
  1505 | D:11     | Reached skill level 13 in Unarmed Combat
  1530 | D:11     | Reached **** piety under Trog
  1801 | D:11     | Noticed a green ugly thing
  1808 | D:11     | Killed a green ugly thing
  1808 | D:11     | Reached skill level 6 in Fighting
  1819 | D:11     | Gained mutation: You evolve. [mutagenic meat]
  2011 | D:11     | Noticed a two-headed hydra
  2021 | D:11     | HP: 9/150 [eight-headed hydra (12)]
  2021 | D:11     | Mangled by an eight-headed hydra

Skill      XL: |  1  2  3  4  5  6  7  8  9 10 |
---------------+-------------------------------+-----
Unarmed Combat | 4 5 6 8 9 11 12 13 | 13.8
Fighting       | 4 5 6 |  6.6
Dodging        | |  2.4

Action                   |  1- 3 |  4- 6 |  7- 9 | 10-12 || total
-------------------------+-------+-------+-------+-------++-------
Melee: Unarmed           |    38 |    64 |   122 |    71 ||   295
       Punch             |       |     2 |    11 |     5 ||    18
Throw: Javelin           |       |       |     1 |       ||     1
Invok: Berserk           |       |       |     5 |     4 ||     9
Evoke: Wand              |       |       |     4 |       ||     4
  Use: Scroll            |     5 |     2 |     3 |     2 ||    12
       Potion            |     1 |       |     1 |       ||     2
 Stab: Sleeping          |       |       |     2 |       ||     2
  Eat: Chunk             |     7 |     6 |    10 |     9 ||    32
Armor: Animal skin       |    15 |    16 |    20 |    13 ||    64
       Skin              |       |       |     2 |       ||     2
Dodge: Dodged            |    12 |    38 |    37 |    33 ||   120

Table legend:
 A = Turns spent in this place as a percentage of turns spent in the entire game.
 B = Non-inter-level travel turns spent in this place as a percentage of non-inter-level travel turns spent in the entire game.
 C = Inter-level travel turns spent in this place as a percentage of turns spent in this place.
 D = Turns resting spent in this place as a percentage of non-inter-level travel turns spent in this place.
 E = Turns spent auto-exploring this place as a percentage of non-inter-level travel turns spent in this place.
 F = Non-inter-level travel turns spent in this place divided by the number of levels of this place that you've seen.
                   A       B       C       D       E      F
               +-------+-------+-------+-------+-------+----------------------
         Total | 100.0 | 100.0 |   0.2 |   0.5 |   0.0 | 135.4
       Dungeon | 100.0 | 100.0 |   0.2 |   0.5 |   0.0 | 135.4
               +-------+-------+-------+-------+-------+----------------------

Table legend:
 A = Kills in this place as a percentage of kills in entire the game.
 B = Kills by you in this place as a percentage of kills by you in the entire game.
 C = Kills by friends in this place as a percentage of kills by friends in the entire game.
 D = Other kills in this place as a percentage of other kills in the entire game.
 E = Experience gained in this place as a percentage of experience gained in the entire game.
 F = Experience gained in this place divided by the number of levels of this place that you have seen.
                   A       B       C       D       E      F
               +-------+-------+-------+-------+-------+----------------------
         Total | 100.0 | 100.0 | 100.0 |  -nan | 100.0 | 698.6
       Dungeon | 100.0 | 100.0 | 100.0 |  -nan | 100.0 | 698.6
               +-------+-------+-------+-------+-------+----------------------

Vault maps used:
D:1:      evilmike_arrival_fibonacci_small, minmay_misc_feat_diagonals,
          minmay_box_of_dots
D:2:      minmay_randomly_rotated_circles, uniq_iyjb, uniq_terence
D:3:      uniq_sigmund
D:4:      first_bread, uniq_eustachio
D:5:      minmay_diamond_boxcup
D:6:      serial_shops, shop
D:7:      serial_shops, nicolae_shop_behind_doors
D:10:     erik_lair_dragon
D:11:     david_orc_4, special_room, hangedman_ranch
D:12:     serial_shops, shop
